Map: King of Braxis Station

Players

MrFercho - Winner!

  • Race: Terran Terran
  • Spawn Location: 5:00

tigro

  • Race: Terran Terran
  • Spawn Location: 11:00

IA (Difícil)

  • Race: Protoss Protoss
  • Spawn Location: 9:00

IA (Difícil)

  • Race: Zerg Zerg
  • Spawn Location: 1:00

warca

  • Race: Terran Terran
  • League: Gold
  • Spawn Location: 6:00

IA (Difícil)

  • Race: Protoss Protoss
  • Spawn Location: 7:00

IA (Difícil)

  • Race: Terran Terran
  • Spawn Location: 3:00

IA (Difícil)

  • Race: Terran Terran
  • Spawn Location: 12:00

VOD

Have the link to the VOD?

Description

Time

  • Played on: March 23, 2020, 10:56 p.m.
  • Length: 32:25
Show
View Real Time Build Order
Export as new Build Order

MrFercho Terran - Winner!

Build Orders:  

Get SALT Encoding   

  12  0:04  SCV  
  13  0:20  Supply Depot  
  13  0:25  Refinery  
  13  0:29  SCV  
  14  0:41  SCV  
  15  0:43  Refinery  
  15  0:58  Engineering Bay  
  15  1:15  SCV  
  16  1:25  Barracks  
  16  1:28  SCV  
  17  1:40  SCV  
  18  1:52  SCV  
  18  1:53  Terran Infantry Armor Level 1  
  19  2:04  SCV  
  20  2:20  Factory, SCV  
  21  2:29  Missile Turret  
  21  2:37  Barracks Reactor  
  21  2:51  Missile Turret  
  21  2:59  Orbital Command  
  21  3:07  Factory Tech Lab  
  21  3:18  Armory  
  21  3:27  Supply Depot  
  21  3:35  SCV  
  21  3:36  Supply Depot  
  22  3:46  Marine  
  23  3:49  Marine, SCV  
  25  3:58  Terran Infantry Weapons Level 1  
  25  4:01  SCV  
  26  4:07  Armory  
  26  4:19  Supply Depot  
  26  4:22  SCV  
  27  4:34  SCV  
  27  4:36  Starport  
  28  4:46  SCV  
  29  4:54  Marine x2, Starport  
  31  5:11  Marine  
  31  5:12  Marine  
  33  5:15  Terran Ship Weapons Level 1  
  33  5:16  Supply Depot  
  33  5:17  Supply Depot  
  33  5:19  Terran Vehicle And Ship Armor Level 1  
  33  5:29  Marine  
  33  5:34  Fusion Core  
  33  5:35  Starport Tech Lab x2  
  34  6:12  Marine x2  
  36  6:23  Battlecruiser  
  42  6:30  Marine  
  43  7:01  Cyclone  
  46  7:10  Terran Infantry Armor Level 2  
  46  7:33  Siege Tank  
  49  7:57  Battlecruiser  
  49  8:55  Battlecruiser  
  54  9:07  SCV  
  55  9:12  Medivac  
  57  9:19  SCV  
  58  9:31  SCV  
  58  9:32  Supply Depot  
  58  9:34  Supply Depot  
  58  9:35  Supply Depot  
  58  9:36  Supply Depot  
  58  9:38  Supply Depot  
  59  9:52  SCV  
  60  9:56  Supply Depot  
  60  9:58  Supply Depot  
  60  10:00  Supply Depot  
  60  10:01  Supply Depot  
  60  10:02  Supply Depot  
  60  10:04  Command Center, SCV  
  61  10:13  Battlecruiser  
  67  10:16  SCV  
  68  10:22  Supply Depot  
  68  10:25  Supply Depot  
  68  10:27  Supply Depot x2  
  69  10:28  SCV  
  69  10:40  SCV  
  68  10:52  SCV  
  68  11:04  SCV  
  69  11:16  SCV  
  70  11:19  Battlecruiser  
  76  11:38  Planetary Fortress, Unknown  
  73  12:07  Terran Ship Weapons Level 2  
  74  12:15  SCV  
  74  12:27  SCV  
  75  12:39  SCV  
  76  12:52  SCV  
  77  13:04  SCV  
  78  13:13  Battlecruiser  
  84  13:21  Unknown  
  84  13:34  Unknown  
  84  13:36  Command Center  
  84  13:49  Command Center  
  84  13:51  Battlecruiser  
  90  14:08  Starport  
  90  14:10  Terran Vehicle And Ship Armor Level 2, Starport  
  90  14:14  Weapon Refit  
  85  14:43  Missile Turret  
  81  14:46  Missile Turret  
  81  14:48  Starport  
  80  15:02  Missile Turret  
  80  15:10  Command Center  
  80  15:18  Battlecruiser  
  85  15:30  Starport Tech Lab x3  
  85  15:36  Battlecruiser  
  88  16:47  SCV  
  88  16:55  Battlecruiser  
  88  16:59  Command Center, SCV  
  95  17:05  Command Center  
  95  17:11  SCV  
  96  17:23  SCV  
  97  17:35  SCV  
  98  17:47  SCV  
  90  18:33  Planetary Fortress x2  
  90  18:47  Command Center  
  90  18:53  Command Center  
  90  19:00  Unknown  
  90  19:05  Unknown  
  90  19:12  SCV x2  
  92  19:19  Battlecruiser x2  
  105  19:24  SCV x2  
  106  19:36  SCV  
  106  19:37  Command Center  
  108  19:48  SCV  
  109  19:58  SCV  
  109  20:00  SCV  
  109  20:01  Unknown  
  109  20:06  Orbital Command  
  110  20:07  Orbital Command  
  110  20:10  SCV  
  110  20:11  Unknown  
  111  20:18  SCV  
  112  20:22  SCV  
  112  20:23  Battlecruiser  
  112  20:24  Battlecruiser  
  125  20:30  SCV  
  125  20:34  SCV  
  127  20:42  SCV  
  128  20:46  SCV  
  129  20:52  Refinery  
  129  20:54  SCV  
  130  20:58  SCV  
  131  21:04  Battlecruiser x2  
  131  21:06  SCV  
  136  21:18  Refinery  
  129  21:42  Battlecruiser x2  
  141  21:50  Terran Ship Weapons Level 3  
  141  21:58  SCV  
  142  22:10  SCV  
  142  22:11  SCV  
  142  22:12  SCV  
  145  22:22  SCV  
  146  22:23  SCV  
  146  22:24  SCV  
  148  22:34  SCV  
  148  22:35  SCV  
  148  22:36  SCV  
  151  22:46  SCV  
  151  22:48  SCV x2  
  154  22:51  Battlecruiser x2  
  154  22:52  Battlecruiser, Unknown  
  154  22:57  Terran Vehicle And Ship Armor Level 3  
  172  23:00  SCV x2  
  174  23:16  Missile Turret  
  174  23:31  Battlecruiser  
  186  23:36  Missile Turret  
  186  23:53  Battlecruiser  
  186  23:56  Missile Turret  
  186  24:18  Missile Turret  
  186  24:21  Battlecruiser x2  
  198  24:41  Missile Turret  
  198  25:02  Missile Turret  
  198  25:24  Missile Turret  
  198  25:45  Missile Turret  
  182  28:34  Battlecruiser x3  
Show
View Real Time Build Order
Export as new Build Order

tigro Terran 

Build Orders:  

Get SALT Encoding   

  12  0:08  SCV  
  13  0:20  SCV  
  14  0:26  Supply Depot  
  14  0:28  Refinery  
  14  0:34  Refinery, SCV  
  15  0:48  SCV  
  16  1:00  SCV  
  17  1:07  Barracks  
  17  1:14  SCV  
  18  1:26  SCV  
  18  1:29  Supply Depot  
  19  1:38  SCV  
  20  1:56  Barracks, Marine  
  21  2:14  Marine  
  22  2:19  Engineering Bay  
  22  2:32  Marine  
  23  2:39  Supply Depot  
  23  2:45  Barracks Tech Lab  
  23  2:50  Marine  
  24  3:00  Factory  
  24  3:04  Orbital Command  
  24  3:08  Combat Shield, Marine  
  25  3:16  Marauder  
  27  3:37  Barracks Tech Lab  
  27  3:38  Missile Turret  
  27  3:47  Factory Tech Lab  
  27  4:07  Factory  
  27  4:27  Stimpack  
  27  4:33  Armory  
  27  4:34  Infernal Pre-Igniter  
  27  4:44  Cyclone  
  30  4:55  Factory Tech Lab  
  30  5:03  Missile Turret  
  30  5:17  Cyclone  
  30  5:18  Terran Infantry Weapons Level 1  
  33  5:27  Marine  
  34  5:45  Marine  
  35  5:53  Mag-Field Accelerator  
  35  6:03  Marine  
  36  6:05  Starport  
  36  6:07  Concussive Shells  
  36  6:13  Siege Tank  
  39  6:20  Missile Turret  
  39  6:34  Supply Depot  
  39  6:46  Missile Turret  
  39  6:48  Terran Vehicle Weapons Level 1  
  39  6:55  Marine  
  39  6:56  Siege Tank  
  43  7:12  Terran Infantry Armor Level 1  
  43  7:13  Marine  
  44  7:34  Missile Turret  
  44  7:35  Missile Turret  
  44  7:44  Starport Tech Lab  
  44  8:00  Starport  
  44  8:16  Corvid Reactor  
  44  8:23  Fusion Core  
  44  8:24  Missile Turret  
  44  8:28  Marine  
  45  8:42  Terran Vehicle And Ship Armor Level 1, Cyclone  
  45  8:46  Marine  
  49  8:49  Starport Tech Lab  
  49  9:03  Marine  
  49  9:05  Supply Depot  
  49  9:06  Terran Infantry Weapons Level 2  
  50  9:21  Marine  
  51  9:29  Missile Turret  
  37  9:39  Marine  
  32  9:45  Marine  
  30  9:57  Marauder  
  32  10:03  Marine  
  33  10:21  Marine  
  33  10:27  Missile Turret  
  34  10:33  Missile Turret  
  32  10:39  Marine  
  29  10:57  Marine  
  25  11:05  Marine  
  26  11:12  Cyclone  
  26  11:14  Marine  
  30  11:23  Marine  
  29  11:32  Marine  
  28  11:39  Cyclone  
  32  11:41  Marine  
  32  11:44  Cyclone  
  36  11:50  Marine  
  37  11:59  Marine  
  38  12:08  Marine  
  38  12:14  Medivac  
  41  12:16  Marine  
  41  12:17  Viking  
  44  12:26  Marine  
  45  12:44  Medivac, Marine  
  46  12:47  Viking  
  50  13:01  Marine, Missile Turret  
  51  13:10  Missile Turret  
  51  13:17  Viking, Siege Tank  
  51  13:19  Marine  
  57  13:21  Terran Vehicle Weapons Level 2  
  57  13:24  Missile Turret  
  57  13:34  Marine  
  58  13:52  Marine  
  34  14:05  Cyclone  
  29  14:18  Marine  
  26  14:45  Banshee  
  25  14:54  Marine  
  18  15:53  Command Center  
  18  16:06  Barracks  
  3  16:55  Marine  
Show
View Real Time Build Order
Export as new Build Order

IA (Difícil) Protoss 

Build Orders:  

Get SALT Encoding   

  12  0:01  Probe  
  13  0:13  Probe  
  14  0:21  Pylon  
  14  0:25  Probe  
  15  0:35  Probe  
  16  0:43  Probe  
  16  0:46  Assimilator  
  17  0:50  Gateway  
  17  0:52  Probe  
  18  0:58  Pylon  
  18  1:00  Probe  
  19  1:14  Probe  
  20  1:37  Gateway  
  20  1:38  Cybernetics Core  
  20  1:39  Zealot  
  22  1:40  Assimilator  
  22  1:58  Pylon, Zealot  
  24  2:15  Warp Gate  
  24  2:23  Stalker  
  24  2:29  Stalker  
  28  2:42  Pylon  
  28  2:49  Probe  
  29  2:53  Stalker, Adept  
  31  3:01  Probe  
  34  3:08  Forge  
  34  3:13  Probe  
  35  3:23  Stalker  
  35  3:24  Stalker  
  35  3:25  Probe  
  40  3:33  Pylon  
  40  3:37  Probe  
  41  3:49  Probe  
  42  4:45  Protoss Ground Weapons Level 1  
  42  4:54  Sentry  
  42  4:55  Probe  
  42  4:59  Gateway  
  45  5:01  Robotics Facility  
  45  5:03  Sentry  
  45  5:05  Pylon  
  47  5:07  Probe  
  47  5:08  Photon Cannon  
  47  5:12  Sentry, Photon Cannon  
  50  5:17  Forge  
  50  5:26  Sentry  
  46  5:31  Protoss Ground Armor Level 1  
  46  5:35  Zealot  
  48  5:37  Probe  
  48  5:49  Adept, Observer  
  51  5:56  Stargate  
  51  5:58  Zealot  
  53  6:06  Adept  
  53  6:10  Observer  
  56  6:15  Twilight Council  
  56  6:16  Zealot  
  56  8:38  Warp Prism  
  58  8:49  Void Ray  
  58  8:53  Robotics Facility  
  61  8:57  Pylon  
  61  9:00  Stalker x2  
  61  9:03  Stargate  
  61  9:13  Observer  
  62  9:21  Fleet Beacon  
  62  9:24  Pylon  
  62  9:25  Warp Prism  
  50  9:40  Warp Prism  
  50  9:44  Void Ray  
  50  9:51  Zealot  
  52  9:55  Zealot  
  52  9:59  Stalker  
  50  10:01  Observer  
  50  10:08  Photon Cannon  
  50  10:11  Stalker  
  50  10:15  Zealot  
  48  10:22  Zealot  
  48  10:28  Photon Cannon  
  50  10:34  Stalker  
  46  10:38  Zealot  
  46  10:42  Zealot  
  46  10:46  Void Ray  
  48  10:50  Immortal  
  48  10:54  Zealot  
  48  10:57  Void Ray  
  48  11:01  Stalker  
  51  11:05  Zealot  
  51  11:08  Probe  
  47  11:20  Probe  
  48  11:32  Probe  
  49  11:41  Probe, Stargate  
  50  11:49  Probe  
  51  11:58  Probe  
  52  12:11  Probe  
  52  12:24  Probe  
  59  12:36  Probe  
  60  12:38  Gateway  
  60  12:42  Carrier  
  60  12:57  Robotics Bay  
  60  13:12  Zealot  
  60  13:17  Zealot  
  45  13:29  Stalker  
  47  13:37  Observer  
  47  13:46  Disruptor  
  51  13:52  Stalker  
  53  14:00  Stalker  
  55  14:06  Zealot  
  53  14:12  Zealot  
  55  14:19  Sentry  
  57  14:42  Observer  
  57  15:00  Disruptor  
  60  15:25  Tempest  
  65  15:47  Observer  
  66  15:56  Stalker  
  68  16:05  Stalker  
  70  16:15  Stalker  
  72  16:22  Pylon  
  72  16:24  Stalker  
  74  16:33  Stalker  
  74  16:39  Zealot  
  72  16:43  Zealot  
  67  16:48  Stalker  
  63  16:57  Stalker  
  63  17:10  Sentry  
  65  17:19  Stalker  
  67  17:29  Stalker  
  69  17:38  Stalker  
  68  18:06  Disruptor  
  71  18:15  Stalker  
  73  18:32  Sentry  
  75  18:37  Adept  
  77  18:46  Immortal  
  81  19:05  Pylon  
  81  19:18  Observer  
  81  19:35  Zealot  
  83  19:40  Zealot  
  85  19:50  Templar Archives  
  85  19:58  Pylon  
  85  20:26  High Templar  
  87  20:34  Zealot  
  79  20:40  Zealot  
  79  20:45  High Templar  
  79  20:59  Archon  
  79  21:10  High Templar  
  77  21:38  High Templar  
  77  21:52  Archon  
  75  22:05  High Templar  
  77  22:33  High Templar  
  79  22:47  Archon  
  79  22:56  Probe  
  79  23:01  High Templar  
  81  23:28  High Templar  
  83  23:37  Stalker  
  85  23:46  Stalker, Archon  
  87  24:14  High Templar  
  89  24:42  High Templar  
  91  24:51  Stalker  
  93  24:59  Pylon  
  92  25:10  Sentry  
  94  25:17  Probe  
  94  25:19  Stalker  
  97  25:28  Stalker  
  99  25:37  Stalker, Pylon  
  101  25:47  Stalker  
  103  26:05  Sentry  
  105  26:32  Disruptor  
  108  26:42  Pylon  
  108  26:50  Sentry  
  110  27:06  Probe  
  110  27:10  Disruptor  
  113  27:25  Pylon  
  113  27:46  Disruptor  
  116  28:00  Probe  
  116  28:05  Sentry  
  98  28:23  Sentry  
  100  29:10  Carrier  
  106  29:27  Blink  
  106  29:56  Zealot  
  108  30:02  Void Ray  
  112  30:09  Adept  
  114  30:34  Stalker  
  100  30:46  Void Ray  
  98  31:23  Stalker  
  98  31:32  Stalker  
  88  31:36  Zealot  
  71  31:42  Stalker  
  71  31:45  Forge  
  59  31:52  Pylon  
  33  31:58  Gateway  
Show
View Real Time Build Order
Export as new Build Order

IA (Difícil) Zerg 

Build Orders: 1 Base Baneling Bust, Pool First 

Get SALT Encoding   

  12  0:01  Drone  
  13  0:12  Overlord  
  13  0:17  Drone  
  14  0:30  Drone  
  14  0:31  Drone  
  16  0:42  Spawning Pool  
  15  0:44  Drone  
  15  0:48  Drone  
  17  0:51  Extractor  
  17  0:55  Drone  
  17  1:05  Overlord  
  17  1:30  Queen  
  17  1:31  Zergling x2  
  20  1:37  Roach Warren  
  20  1:38  Drone  
  20  1:42  Extractor  
  20  1:44  Zergling x2  
  20  1:49  Drone  
  21  2:00  Drone  
  22  2:10  Overlord  
  22  2:21  Drone  
  23  2:31  Roach  
  25  2:37  Drone  
  25  2:42  Overlord  
  26  2:44  Roach  
  28  2:57  Roach  
  30  3:07  Overlord  
  30  3:10  Roach  
  32  3:23  Roach  
  34  3:36  Overlord, Roach  
  34  3:41  Drone  
  37  3:45  Drone  
  37  3:47  Drone  
  39  3:49  Roach  
  39  3:52  Drone  
  42  4:03  Drone  
  42  4:06  Baneling Nest  
  42  4:12  Drone, Roach  
  42  4:13  Evolution Chamber  
  42  4:14  Drone  
  45  4:17  Drone  
  46  4:26  Roach  
  48  4:38  Roach  
  50  4:51  Roach  
  52  5:04  Roach  
  54  6:02  Zergling x2  
  54  6:51  Lair, Overlord  
  54  6:53  Evolution Chamber, Drone  
  54  6:54  Zerg Melee Weapons Level 1, Drone  
  54  6:57  Drone, Spore Crawler  
  54  7:01  Drone, Spore Crawler  
  55  7:10  Overlord, Drone  
  56  7:21  Zerg Missile Weapons Level 1  
  56  7:27  Spine Crawler  
  56  7:29  Drone  
  56  7:31  Spine Crawler  
  56  7:33  Drone  
  56  7:48  Zergling x2  
  56  7:49  Overseer, Burrow  
  56  7:50  Overseer  
  55  7:53  Hydralisk Den  
  55  7:54  Drone  
  55  7:57  Roach  
  51  7:58  Infestation Pit  
  51  7:59  Drone  
  51  8:00  Spire  
  51  8:01  Drone  
  51  8:22  Hydralisk  
  53  8:32  Hydralisk  
  51  8:41  Hydralisk  
  49  8:48  Zerg Ground Armor Level 1  
  49  8:51  Roach  
  49  8:54  Overseer  
  49  9:00  Queen  
  49  9:01  Overseer, Roach  
  49  9:02  Overlord  
  45  9:10  Roach  
  47  9:20  Roach  
  49  9:29  Roach  
  51  9:39  Roach  
  53  9:48  Roach  
  55  9:57  Roach  
  54  10:03  Overseer  
  54  10:04  Overlord  
  46  10:07  Roach  
  46  10:16  Hydralisk  
  48  10:25  Zergling x2  
  49  10:34  Hydralisk  
  51  10:45  Roach  
  53  10:53  Hydralisk  
  55  11:03  Hydralisk  
  57  11:13  Roach  
  59  11:23  Roach  
  61  11:27  Pneumatized Carapace  
  61  11:28  Overlord  
  61  11:29  Overseer  
  61  11:47  Overlord  
  61  12:09  Overlord  
  61  12:11  Hive  
  60  12:23  Zergling x2  
  57  12:30  Overseer  
  57  12:32  Hydralisk  
  41  12:41  Hydralisk  
  43  12:51  Overseer  
  43  13:25  Drone, Ultralisk Cavern  
  43  13:32  Hatchery  
  43  13:34  Drone  
  43  13:36  Hydralisk  
  45  13:46  Hydralisk  
  45  13:47  Overlord  
  47  13:55  Hydralisk  
  49  14:13  Ultralisk  
  55  14:23  Ultralisk, Zerg Melee Weapons Level 2  
  61  14:32  Ultralisk  
  67  14:42  Ultralisk  
  73  15:04  Zerg Ground Armor Level 2  
  73  15:31  Infestor  
  75  15:37  Roach  
  79  15:42  Roach  
  79  15:48  Roach  
  81  16:12  Zergling x2  
  81  16:15  Overlord  
  81  16:17  Infestor  
  75  16:50  Viper  
  78  16:56  Roach  
  82  17:01  Roach  
  82  17:06  Roach  
  84  17:11  Roach  
  86  17:17  Roach  
  86  17:22  Hydralisk  
  90  17:23  Overlord  
  90  17:50  Infestor  
  92  18:17  Infestor  
  94  18:54  Viper  
  94  18:55  Overlord  
  97  19:22  Zerg Missile Weapons Level 2  
  97  19:59  Overlord  
  103  20:00  Ultralisk  
  103  20:36  Ultralisk  
  109  21:13  Ultralisk, Overlord  
  115  21:40  Pathogen Glands  
  115  21:58  Glial Reconstitution  
  115  22:17  Zerg Flyer Weapons Level 1  
  115  22:56  Overseer  
  115  22:57  Overlord  
  115  23:21  Neural Parasite  
  115  23:59  Zerg Melee Weapons Level 3  
  115  24:02  Zergling x2  
  103  24:06  Roach  
  93  24:11  Zerg Flyer Armor Level 1  
  83  24:21  Overseer  
  73  24:26  Overseer  
  71  24:35  Hydralisk  
  69  24:42  Hydralisk  
  67  24:50  Hydralisk  
  39  25:27  Ultralisk  
  45  26:03  Ultralisk  
  51  26:40  Ultralisk  
  57  26:58  Overseer  
  57  27:09  Zergling x2  
  57  27:11  Zergling x2  
  57  27:13  Zergling x2  
  60  27:16  Zergling x2  
  60  27:18  Zergling x2  
  60  27:20  Zergling x2  
  63  27:25  Mutalisk  
  63  27:28  Zergling x2  
  66  27:30  Zergling x2  
  66  27:32  Baneling  
  66  27:33  Baneling  
  67  27:43  Mutalisk  
  68  27:46  Zergling x2  
  68  27:48  Zergling x2  
  70  28:02  Mutalisk  
  70  28:05  Zergling x2  
  73  28:07  Baneling  
  73  28:12  Baneling, Zergling x2  
  74  28:30  Overlord, Mutalisk  
  76  28:48  Mutalisk  
  78  29:07  Mutalisk  
  64  29:25  Mutalisk  
  64  29:27  Zergling x2  
  64  29:30  Overlord  
  59  29:32  Overlord  
  59  29:36  Zergling x2  
  59  29:37  Queen  
  41  29:40  Zergling x2  
  41  29:46  Hydralisk  
  39  29:55  Evolution Chamber  
Show
View Real Time Build Order
Export as new Build Order

warca Terran 

Build Orders:  

Get SALT Encoding   

  12  0:07  SCV  
  13  0:19  SCV  
  14  0:31  SCV  
  15  0:46  Supply Depot  
  15  0:47  Refinery  
  15  0:53  Supply Depot  
  15  1:08  SCV  
  16  1:17  Barracks  
  16  1:20  Barracks, SCV  
  17  1:32  SCV  
  18  1:44  SCV  
  19  1:56  SCV  
  19  1:59  Refinery  
  20  2:04  Barracks Reactor  
  20  2:06  Barracks  
  20  2:07  Barracks Reactor  
  20  2:11  Supply Depot  
  20  2:13  Orbital Command  
  20  2:40  Engineering Bay  
  20  2:41  SCV  
  21  2:46  Marine x3  
  21  2:47  Marine  
  25  2:53  Barracks Tech Lab, SCV  
  26  3:04  Marine x3  
  26  3:05  Marine  
  30  3:12  Missile Turret  
  30  3:14  Marauder  
  30  3:18  Combat Shield  
  32  3:23  SCV  
  33  3:34  Supply Depot  
  33  3:42  Marine x2  
  35  3:58  Factory  
  35  4:06  Marine x2  
  35  4:07  Marauder  
  39  4:12  Marine  
  39  4:13  Marine  
  41  4:29  Marauder  
  38  4:37  Stimpack  
  38  4:43  Factory Tech Lab  
  38  4:47  Starport  
  38  4:49  Terran Infantry Weapons Level 1  
  38  4:50  Marine x3  
  38  4:51  Marine x2  
  43  5:09  Marauder  
  38  5:39  Siege Tank  
  38  5:41  Marine x5  
  46  5:47  Fusion Core  
  28  6:05  SCV  
  23  6:17  Concussive Shells, SCV  
  23  6:29  SCV  
  24  6:41  SCV  
  18  6:48  Marine  
  18  6:49  Marine  
  18  6:50  Starport Tech Lab  
  18  6:53  SCV  
Show
View Real Time Build Order
Export as new Build Order

IA (Difícil) Protoss 

Build Orders:  

Get SALT Encoding   

  12  0:01  Probe  
  13  0:13  Probe  
  14  0:21  Pylon  
  14  0:25  Probe  
  15  0:35  Probe  
  16  0:43  Probe  
  16  0:48  Assimilator  
  17  0:53  Gateway, Probe  
  18  1:01  Probe  
  18  1:02  Pylon  
  19  1:23  Probe  
  20  1:40  Zealot  
  20  1:43  Cybernetics Core  
  20  1:45  Gateway  
  22  1:48  Assimilator  
  22  2:01  Zealot  
  22  2:06  Pylon  
  24  2:22  Warp Gate  
  24  2:28  Stalker  
  26  2:32  Stalker  
  28  2:52  Stalker  
  28  2:53  Pylon  
  28  3:02  Adept, Probe  
  33  3:14  Probe  
  33  3:18  Stalker  
  34  3:22  Forge  
  34  3:26  Probe  
  37  3:32  Stalker  
  39  3:38  Probe  
  40  3:44  Pylon  
  40  3:50  Probe  
  41  4:02  Probe  
  42  4:30  Zealot  
  42  4:52  Sentry  
  42  4:53  Probe, Protoss Ground Weapons Level 1  
  42  4:55  Gateway  
  45  5:00  Pylon  
  45  5:02  Sentry  
  45  5:05  Probe  
  48  5:09  Photon Cannon  
  48  5:15  Zealot  
  48  5:21  Photon Cannon  
  50  5:23  Robotics Facility  
  50  5:25  Zealot  
  50  5:34  Sentry, Pylon  
  52  5:38  Probe  
  52  5:45  Sentry  
  54  5:55  Adept  
  56  5:58  Stargate  
  56  6:02  Forge  
  56  6:08  Observer  
  56  6:16  Zealot  
  56  6:17  Twilight Council  
  51  6:23  Protoss Ground Armor Level 1  
  51  6:24  Observer  
  49  6:25  Zealot  
  52  6:35  Stalker  
  54  6:44  Adept  
  56  7:38  Observer  
  56  9:01  Observer  
  56  9:04  Gateway  
  56  9:07  Templar Archives  
  56  9:10  Robotics Bay  
  56  9:13  Robotics Facility, Warp Prism  
  56  9:16  Stargate  
  56  9:19  Pylon  
  58  9:27  Stalker x2  
  58  9:31  Stalker x2  
  58  9:35  Stalker x2  
  58  9:38  Stalker x2  
  58  9:44  High Templar  
  60  9:47  Warp Prism  
  62  9:56  High Templar  
  60  10:00  Warp Prism  
  60  10:08  Archon  
  60  10:11  High Templar  
  60  10:30  Probe  
  54  10:38  High Templar  
  52  10:57  Archon  
  52  10:58  Zealot  
  52  11:09  High Templar  
  47  11:34  High Templar  
  49  11:48  Observer  
  49  11:51  Archon  
  50  12:15  High Templar  
  52  12:42  High Templar  
  52  12:43  Probe  
  54  12:52  Stalker  
  54  12:55  Zealot  
  58  12:59  Zealot  
  60  13:10  Zealot  
  62  13:15  Zealot  
  62  13:19  Stalker  
  60  13:22  Sentry  
  62  13:30  Adept  
  62  13:33  Immortal  
  68  13:57  Observer  
  69  14:04  Zealot  
  69  14:08  Stalker  
  67  14:15  Stalker  
  67  14:16  Pylon  
  63  14:29  Observer  
  64  14:37  Observer  
  65  14:52  Stalker  
  67  15:10  Sentry  
  69  15:14  Adept  
  71  15:26  Immortal  
  75  16:01  High Templar  
  77  16:29  Protoss Ground Weapons Level 2  
  77  16:39  Zealot  
  61  16:44  Stalker  
  57  16:50  Zealot  
  53  16:55  Zealot  
  53  17:00  Zealot  
  51  17:08  Stalker  
  53  17:13  Stalker  
  55  17:25  High Templar  
  57  17:38  Observer  
  48  18:05  High Templar  
  49  18:33  High Templar  
  51  18:45  Observer  
  51  18:47  Archon  
  52  19:14  High Templar  
  54  19:42  High Templar  
  56  19:51  Stalker  
  58  19:57  Archon  
  58  20:19  High Templar  
  60  20:36  Zealot  
  60  20:39  Zealot  
  39  20:43  Zealot  
  41  20:51  Zealot  
  41  20:56  Zealot  
  39  21:00  Photon Cannon, Zealot  
  39  21:01  Probe  
  39  21:03  Stalker  
  29  21:12  Zealot  
  29  21:13  Probe  
  29  21:16  Zealot  
  29  21:20  Photon Cannon, Zealot  
  29  21:25  Probe  
  26  21:26  Zealot  
  23  21:33  Zealot  
  23  21:36  Zealot  
  23  21:37  Probe  
  23  21:38  Photon Cannon  
  18  21:40  Zealot  
  18  21:46  Zealot  
  16  21:49  Probe  
  16  21:53  Zealot  
  15  21:57  Stalker  
  15  22:00  Stalker  
  16  22:06  Zealot  
  12  22:09  Warp Prism  
  12  22:13  Zealot  
  13  22:20  Zealot  
  9  22:23  Zealot  
  9  22:27  Zealot  
  7  22:33  Zealot  
  7  22:40  Zealot  
  7  22:44  Zealot  
  9  22:45  Warp Prism  
  9  22:47  Zealot  
  11  23:00  Stalker  
  11  23:04  Zealot  
  11  23:07  Zealot  
  7  23:13  Photon Cannon  
  7  23:17  Photon Cannon  
  5  23:23  Zealot  
  4  23:27  Zealot  
  4  23:32  Zealot  
    23:43  Zealot  
    23:49  Zealot  
    23:55  Zealot  
    24:03  Zealot  
    24:15  Zealot  
Show
View Real Time Build Order
Export as new Build Order

IA (Difícil) Terran 

Build Orders:  

Get SALT Encoding   

  12  0:01  SCV  
  13  0:13  SCV  
  14  0:17  Supply Depot  
  14  0:25  SCV  
  15  0:39  SCV  
  16  0:45  Barracks  
  16  0:47  Refinery  
  16  0:51  SCV  
  17  1:03  SCV  
  18  1:15  SCV  
  18  1:17  Supply Depot  
  19  1:28  SCV  
  20  1:32  Marine  
  20  1:37  Barracks  
  21  1:41  Orbital Command  
  21  1:44  Refinery  
  21  1:51  Barracks Tech Lab  
  21  2:02  Supply Depot  
  21  2:09  Marine  
  22  2:27  Marauder, Marine  
  25  2:34  Supply Depot  
  25  2:45  Marine  
  25  2:48  SCV  
  25  2:49  Marauder  
  29  3:00  Engineering Bay, SCV  
  29  3:02  Marine  
  31  3:10  Marauder  
  31  3:12  SCV  
  34  3:16  Supply Depot  
  34  3:20  Marine  
  34  3:24  SCV  
  36  3:31  Marine  
  37  3:37  SCV  
  38  3:49  Marauder, SCV  
  41  4:11  Marauder  
  43  4:57  Barracks Tech Lab  
  43  4:59  Stimpack, SCV  
  44  5:01  Factory  
  44  5:06  Factory  
  44  5:09  Terran Infantry Weapons Level 1  
  44  5:11  SCV  
  45  5:15  Concussive Shells  
  45  5:22  Missile Turret  
  45  5:27  Missile Turret  
  45  5:45  Factory Tech Lab  
  45  5:46  SCV  
  45  5:51  Barracks  
  45  5:57  Combat Shield  
  45  6:00  Supply Depot  
  45  6:01  Marine, Factory Tech Lab  
  43  6:08  Starport  
  33  6:12  Starport  
  33  6:13  Marine  
  33  6:15  Bunker  
  30  6:24  Marine  
  31  6:36  Marine  
  32  6:45  Starport Tech Lab  
  32  6:47  Marine  
  32  6:49  Starport Tech Lab  
  33  6:59  Marine  
  34  7:04  Terran Infantry Armor Level 1  
  34  7:11  Marauder  
  36  7:22  Marauder  
  38  7:33  Raven, Cyclone  
  43  7:45  Banshee  
  43  7:49  Hellion  
  47  7:52  Supply Depot  
  47  7:53  Marauder  
  47  7:56  Marine  
  41  8:06  Hellion  
  41  8:10  Hellion  
  40  8:15  Marauder x2  
  40  8:18  Viking  
  42  8:21  SCV  
  40  8:27  Hellion  
  40  8:28  Viking  
  40  8:32  Hellion  
  40  8:33  SCV  
  39  8:36  Marauder  
  36  8:45  SCV  
  33  8:49  Hellion  
  33  8:53  Hellion  
  34  8:57  SCV  
  34  9:00  Marine  
  34  9:05  Missile Turret  
  34  9:09  SCV  
  34  9:11  Marine  
  35  9:22  SCV  
  35  9:23  Marine  
  37  9:27  Cyclone  
  37  9:30  Marine  
  41  9:34  Siege Tank, SCV  
  45  9:41  Marauder, Banshee  
  45  9:42  Raven  
  45  9:45  Marine  
  53  9:46  SCV  
  53  9:48  Marine  
  55  9:58  SCV  
  56  10:03  Marauder, Marine  
  56  10:06  Marine  
  60  10:10  SCV  
  61  10:15  Supply Depot  
  61  10:20  Marine  
  62  10:22  SCV  
  62  10:23  Marine  
  62  10:24  Medivac  
  62  10:25  Medivac  
  68  10:32  Marine  
  68  10:34  SCV  
  66  10:40  Marine  
  66  10:41  Marine  
  66  10:46  SCV  
  62  10:50  Marauder  
  62  10:54  Medivac  
  65  10:58  Marine, SCV  
  65  10:59  Marine  
  66  11:11  Marine  
  67  11:26  Raven  
  69  11:35  Marine  
  67  12:02  Raven  
  67  12:05  SCV  
  69  12:28  Marine  
  67  12:32  Marine  
  67  12:36  Marine  
  65  12:40  Raven  
  65  12:42  SCV  
  68  12:44  Supply Depot  
  68  12:46  Marine  
  68  12:50  Marauder  
  71  12:53  Marine  
  71  12:55  SCV  
  73  13:04  Marine  
  74  13:11  Marine  
  74  13:12  Marauder  
  77  13:16  Supply Depot  
  77  13:18  Siege Tank  
  80  13:22  Marauder  
  82  13:40  Siege Tank  
  85  13:43  Supply Depot  
  69  14:17  Raven  
  67  14:54  SCV  
  67  14:56  Armory  
  67  15:45  Thor  
  67  15:49  Raven  
  75  15:54  SCV  
  75  16:05  Engineering Bay  
  75  16:13  Siege Tank  
  72  16:18  Marine  
  72  16:25  Marine  
  59  16:35  Viking, SCV  
  59  16:36  Marine  
  48  16:43  Marine  
  48  16:45  Hellion  
  45  16:48  SCV  
  45  16:49  Marine  
  45  16:50  Hellion  
  31  16:55  Marauder  
  31  17:01  Marine  
  32  17:06  Hellion  
  32  17:07  Marine  
  27  17:15  Marine  
  25  17:25  Marine  
Show
View Real Time Build Order
Export as new Build Order

IA (Difícil) Terran 

Build Orders:  

Get SALT Encoding   

  12  0:01  SCV  
  13  0:13  SCV  
  14  0:19  Supply Depot  
  14  0:25  SCV  
  15  0:41  SCV  
  16  0:45  Barracks  
  16  0:47  Refinery  
  16  0:53  SCV  
  17  1:05  SCV  
  18  1:17  SCV  
  19  1:19  Supply Depot  
  19  1:30  SCV  
  19  1:31  Marine  
  21  1:38  Barracks  
  21  1:43  Orbital Command  
  21  1:46  Refinery  
  21  1:51  Barracks Tech Lab  
  21  2:07  Supply Depot  
  21  2:09  Marine  
  22  2:27  Marauder  
  22  2:29  Marine  
  25  2:40  Supply Depot  
  25  2:47  Marine  
  25  2:50  Marine  
  27  3:05  Marine  
  28  3:09  Marauder  
  30  3:13  SCV  
  30  3:15  Supply Depot  
  31  3:23  Marine  
  31  3:25  SCV  
  31  3:26  Engineering Bay  
  33  3:30  Marauder  
  35  3:37  SCV  
  35  3:41  Marine  
  37  3:49  SCV  
  37  3:51  Marine  
  39  3:58  Marine  
  39  4:01  SCV  
  41  4:09  Marauder  
  43  4:13  SCV  
  44  4:31  Marauder  
  46  4:52  Marauder  
  48  5:31  SCV  
  48  6:06  Barracks Tech Lab  
  48  6:08  SCV  
  48  6:09  Stimpack  
  48  6:10  Marine, Factory  
  50  6:11  Terran Infantry Weapons Level 1  
  50  6:16  Factory  
  50  6:20  Supply Depot, SCV  
  50  6:24  Ghost Academy, Combat Shield  
  51  6:28  Marine, Missile Turret  
  51  6:29  Missile Turret  
  52  6:35  Barracks  
  52  6:42  Marine  
  48  6:50  Marine  
  48  6:53  Bunker, Factory Tech Lab  
  46  6:57  Starport  
  46  6:59  Marine  
  43  7:05  Starport, SCV  
  43  7:06  Factory Tech Lab  
  43  7:08  Marine  
  44  7:12  Supply Depot  
  44  7:17  Marine  
  45  7:26  Marine  
  45  7:27  Marine  
  47  7:33  Sensor Tower, Starport Tech Lab  
  47  7:35  Marine  
  48  7:41  Starport Tech Lab  
  48  7:43  Ghost, Concussive Shells  
  50  7:46  Armory  
  50  7:49  Marine  
  51  7:52  Raven  
  51  7:57  Marauder  
  55  7:59  Raven  
  57  8:05  Terran Infantry Armor Level 1  
  57  8:07  Barracks Reactor  
  57  8:12  Marine  
  58  10:23  SCV  
  89  10:28  Medivac  
  58  10:29  Medivac, Widow Mine  
  58  10:32  Supply Depot  
  64  10:38  Engineering Bay  
  64  10:55  Siege Tank  
  66  10:58  Medivac  
  66  10:59  Supply Depot, Raven, Marine  
  66  11:04  Widow Mine  
  73  11:09  Terran Infantry Weapons Level 2  
  73  11:23  Supply Depot  
  71  11:28  Banshee  
  74  11:42  Banshee, Terran Infantry Armor Level 2  
  77  12:00  Terran Vehicle Weapons Level 1  
  77  13:11  Fusion Core  
  77  13:22  SCV  
  77  13:31  Armory  
  77  13:54  Terran Ship Weapons Level 1  
  77  14:03  Marine  
  77  14:05  Marine  
  77  14:08  Marine  
  77  14:09  Supply Depot  
  80  14:11  Marine  
  81  14:19  Terran Vehicle And Ship Armor Level 1  
  81  14:21  Marine  
  81  14:23  Marine  
  83  14:26  Marine  
  83  14:29  Marine  
  80  14:35  Supply Depot  
  73  14:39  Marine  
  73  14:41  Marine  
  73  14:43  Marine  
  76  14:46  Marine  
  77  14:57  Marine  
  77  14:59  Marine  
  79  15:01  Marine  
  79  15:04  Marine  
  79  15:06  Supply Depot  
  81  15:14  Marine  
  81  15:17  Marine  
  81  15:19  Marine  
  83  15:22  Marine, SCV  
  83  15:28  Terran Infantry Weapons Level 3  
  85  15:32  Marine  
  85  15:34  Marine  
  87  15:37  Marine  
  87  15:40  Marine  
  89  15:50  Marine  
  89  15:53  Marauder  
  89  15:55  Terran Infantry Armor Level 3, Marine  
  93  15:58  Marine  
  92  16:08  Ghost  
  94  16:13  Ghost  
  96  16:37  Marauder  
  98  16:43  Marauder  
  100  16:47  Terran Vehicle Weapons Level 2  
  100  17:48  Marine  
  100  17:51  Marine  
  91  17:54  Marine  
  91  17:57  Marine  
  65  18:06  Marine  
  65  18:08  Marine  
  65  18:12  Marine  
  64  18:14  Marine  
  64  18:19  Raven x2  
  62  18:24  Marine  
  62  18:26  Marine  
  66  18:30  Marine  
  66  18:32  Marine  
  68  18:41  Marine  
  68  18:44  Marine  
  68  18:48  Marine  
  71  18:50  Marine  
  72  18:59  Marine  
  72  19:01  Raven  
  76  19:05  Marine  
  76  19:08  Marine  
  78  19:17  Marine  
  78  19:23  Marine x2  
  80  19:26  Marine  
  80  19:28  SCV  
  81  19:35  Marine  
  82  19:41  Marine x2  
  82  19:43  Marine  
  85  19:53  Marauder  
  85  19:59  Ghost  
  89  20:14  Ghost, Terran Vehicle Weapons Level 3  
  91  20:28  Marauder  
  93  20:37  SCV  
  93  21:10  Battlecruiser  
  76  21:24  Viking  
  71  21:34  SCV  
  72  22:24  SCV  
  72  22:31  Battlecruiser  
  78  22:47  Viking  
  80  23:42  Battlecruiser  
  84  24:07  Viking  
  66  24:10  Marine  
  66  24:13  SCV  
  66  24:15  Hellion  
  67  24:18  Marine  
  67  24:23  Hellion  
  64  24:25  Marine, SCV  
  64  24:28  Marine  
  63  24:31  Marine  
  63  24:36  Marine  
  63  24:37  SCV  
  59  24:43  Marine  
  55  24:46  Marine, Missile Turret  
  55  24:49  Marine, SCV  
  51  24:53  Hellion  
  51  24:54  Marine, Missile Turret  
  52  25:01  Marine, SCV  
  52  25:04  Marine  
  52  25:06  Hellion  
  57  25:07  Marine  
  57  25:12  Marine  
  57  25:13  SCV  
  55  25:14  Hellion  
  55  25:18  Starport Tech Lab  
  55  25:19  Marine  
  58  25:22  Marine  
  58  25:25  Marine  
  58  25:26  SCV  
  52  25:29  Hellion, Marine  
  30  25:37  Marine  
  30  25:38  SCV  
  30  25:39  Marine  
  24  25:42  Marine  
  24  25:48  Viking  
  20  25:50  SCV  
  20  25:54  Marine  
Tags
 
Add a new tag
Caveats
  • Supply blocks, unpowered buildings, or Contaminate may cause inaccurate times.
  • Supply counts are checked every 10 seconds.